 Dungeon Crawl Stone Soup version 0.28.0-53-g5a82cb258f (webtiles) character file.

Game seed: 8826802882769954720

26157 cbfl8 the Cleaver (level 12, -25/115 HPs)
             Began as a Minotaur Berserker on Aug 5, 2022.
             Was a High Priest of Trog.
             Annihilated by a golden dragon simulacrum (79 damage)
             ... in an ice cave.
             The game lasted 00:36:25 (20138 turns).

cbfl8 the Cleaver (Minotaur Berserker)             Turns: 20138, Time: 00:36:26

Health: -25/115    AC: 20    Str: 23    XL:     12   Next: 95%
Magic:  11/11      EV: 14    Int:  4    God:    Trog [*****.]
Gold:   653        SH:  0    Dex: 24    Spells: 11/11 levels left

rFire   + + .      SeeInvis .   V - +3 battleaxe (flame)
rCold   x . .      Faith    .   (shield currently unavailable)
rNeg    + + .      Spirit   .   t - +0 plate armour
rPois   +          Reflect  .   (helmet restricted)
rElec   .          Harm     .   l - +0 cloak
rCorr   .          Rampage  .   u - +0 pair of gloves
Will    +....                   R - +1 pair of boots of Indestructible Life {rPois rF+ rC- rN+ Dex+4}
Stlth   ..........              (no amulet)
HPRegen 0.29/turn               M - +6 ring of dexterity
MPRegen 0.12/turn               Q - ring of Salvation {rF+ rN+ Will+}

@: on berserk cooldown, slowed, very slow
A: horns 2, retaliatory headbutt
a: Renounce Religion, Berserk, Trog's Hand, Brothers in Arms


You were in an ice cave.
You worshipped Trog.
Trog was extremely pleased with you.
You visited 1 branch of the dungeon, and saw 14 of its levels.
You also visited: Sewer, Bailey, Gauntlet and Ice Cave.

You collected 737 gold pieces.
You spent 84 gold pieces at shops.

Inventory:

Hand Weapons
 y - the +4 dagger "Grim Tooth" {flame, +Blink}
   (You took it off Dowan on level 5 of the Dungeon)

   It burns those it strikes, dealing additional fire damage.
   +Blink:    It lets you blink.
 D - the +7 dagger of Summertime {vorpal, rPois rCorr Stlth-}
   (You found it on level 6 of the Dungeon)

   It inflicts extra damage upon your enemies.
   rPois:     It protects you from poison.
   rCorr:     It protects you from acid and corrosion.
   Stlth:     It makes you less stealthy.
 G - a +5 battleaxe of protection
 V - a +3 battleaxe of flaming (weapon)
Missiles
 r - 5 throwing nets
Armour
 l - a +0 cloak (worn)
 o - a +2 pair of boots
 t - a +0 plate armour (worn)
 u - a +0 pair of gloves (worn)
 R - the +1 pair of boots of Indestructible Life (worn) {rPois rF+ rC- rN+ Dex+4}
   (You found it in a Gauntlet)

   Dex:       It affects your dexterity (+4).
   rF:        It protects you from fire.
   rC:        It makes you vulnerable to cold.
   rPois:     It protects you from poison.
   rN:        It protects you from negative energy.
Jewellery
 f - a ring of protection from cold
 M - a +6 ring of dexterity (left hand)
 N - a ring of resist corrosion
 P - an amulet of magic regeneration
 Q - the ring of Salvation (right hand) {rF+ rN+ Will+}
   (You found it in a Gauntlet)

   [ring of willpower]

   rF:        It protects you from fire.
   rN:        It protects you from negative energy.
   Will:      It increases your willpower.
 S - an amulet of reflection
 T - a +6 ring of dexterity
 W - a ring of fire
Wands
 k - a wand of flame (5) (quivered)
Scrolls
 d - 5 scrolls of enchant armour
 i - 5 scrolls of teleportation
 m - a scroll of summoning
 n - a scroll of noise {unknown}
 s - 4 scrolls of immolation
 w - a scroll of holy word {unknown}
 F - 3 scrolls of fog
 K - a scroll of acquirement {unknown}
 L - 2 scrolls of silence {unknown}
 O - 2 scrolls of enchant weapon
Potions
 a - a potion of ambrosia {unknown}
 b - 3 potions of flight
 e - a potion of experience {unknown}
 g - 4 potions of invisibility
 h - 3 potions of haste
 j - a potion of might {unknown}
 p - 3 potions of brilliance {unknown}
 q - a potion of resistance {unknown}
 v - 4 potions of curing
 x - a potion of attraction {unknown}
 z - 3 potions of lignification {unknown}
 A - a potion of mutation {unknown}
 B - 2 potions of degeneration {unknown}
 C - 2 potions of magic {unknown}
 E - a potion of berserk rage {unknown}
 I - 3 potions of cancellation {unknown}
Miscellaneous
 H - a tin of tremorstones (2/2)
 J - a tin of tremorstones (2/2)
 U - a tin of tremorstones (2/2)


   Skills:
 * Level 13.3 Fighting
 + Level 14.4 Axes
 + Level 11.3 Armour
 * Level 10.1 Dodging
 + Level 1.2 Stealth
 * Level 7.7 Evocations


You had 11 spell levels left.
You didn't know any spells.
Your spell library was empty.

Dungeon Overview and Level Annotations

Branches:
Dungeon (15/15)            Temple (0/1) D:6            Lair (0/6) D:9
    Orc (0/2) D:9           Sewer (visited)          Bailey (visited)
  IceCv (1/1)             Gauntlet (visited)
 Vaults: D:13-14     Depths: D:15

Altars:
Fedhas
Gozag
Hepliaklqana
Nemelex Xobeh
Trog
Uskayaw
Vehumet
Wu Jian
Xom
Yredelemnul
Zin
The Shining One

Shops:
D:1 *?*   D:2 *   D:8 *   D:9 (

Portals:
Trove: D:10 (give +2 gold dragon scales)

Annotations:
D:11 3 runed translucent doors, turdburglar's ghost, journeyman MiGl
D:13 Sonja


Innate Abilities, Weirdness & Mutations

You have a pair of horns on your head.
You reflexively headbutt those who attack you in melee.


Message History

The white ugly thing basks in the mutagenic energy from its kin and changes!
The freezing wraith barely misses you. You furiously retaliate!
You headbutt the freezing wraith. The freezing wraith barely misses you.
The green ugly thing basks in the mutagenic energy from its kin and changes!
The freezing wraith hits you. The freezing wraith freezes you!!
You feel a terrible chill! The freezing wraith barely misses you.
The freezing wraith hits you but does no damage.
The freezing wraith barely misses you.
There is a frozen archway, spattered with blood here.
The freezing wraith closely misses you. The freezing wraith hits you.
The freezing wraith drains your vigour!
You feel as though you will be slow longer.
The freezing wraith barely misses you. You furiously retaliate!
You headbutt the freezing wraith, but do no damage.
The freezing wraith hits you.
The world spins around you as you enter the gateway.
You enter an ice cave!
Found an ice covered gate leading back out of this place.
There is an ice choked empty arch of ancient stone here.
There are monsters nearby!
Your +5 battleaxe of protection goes still.
Your +3 battleaxe of flaming bursts into flame!
V - a +3 battleaxe of flaming (weapon)
You barely miss the storm dragon simulacrum.
The storm dragon simulacrum barely misses you.
You furiously retaliate!
You headbutt the storm dragon simulacrum.
The storm dragon simulacrum claws you but does no damage.
The storm dragon simulacrum barely misses you.
You hit the storm dragon simulacrum but do no damage.
The storm dragon simulacrum is lightly damaged.
You slash the golden dragon simulacrum!
You melt the golden dragon simulacrum!
You slash the ice dragon simulacrum!
You melt the ice dragon simulacrum!
The storm dragon simulacrum bites you but does no damage.
The storm dragon simulacrum closely misses you.
The storm dragon simulacrum misses you. The golden dragon simulacrum bites you!
The golden dragon simulacrum freezes you!!!!
You feel a terrible chill!
Ouch! That really hurt!
You die...

.####.
..#..
#....
#...#
...##
#...#
##ZZZ##
##..@..##
#...∩...#
#.......#
##..∩..##
##...##
#####


You could see an ice dragon simulacrum, a storm dragon simulacrum and a golden
dragon simulacrum.

Vanquished Creatures
  A minotaur (Gauntlet)
  A bunyip (shapeshifter) (Gauntlet)
  A fire dragon (D:9)
  2 hydras
  Harold (D:9)
  A boulder beetle (D:13)
  Erolcha (D:9)
  Fannar (D:12)
  A catoblepas (D:15)
  2 centaur warriors (D:13)
  A fire crab (Gauntlet)
  A sixfirhy (Gauntlet)
  Pikel (D:5)
  2 deep elf pyromancers
  A necromancer (D:11)
  2 cyclopes
  A manticore (D:11)
  A moth of wrath (shapeshifter) (Gauntlet)
  2 gargoyles
  2 unseen horrors
  Maggie (D:7)
  A yaktaur (D:15)
  2 kobold demonologists
  An efreet (D:13)
  A komodo dragon (D:10)
  7 trolls
  Grinder (D:6)
  4 vampires
  A shadow (D:9)
  Sigmund (D:2)
  12 yaks
  3 fire bats (Gauntlet)
  4 vampire mosquitoes (D:11)
  A water moccasin (D:9)
  Edmund (D:5)
  2 hell hounds (Gauntlet)
  An acid dragon (D:10)
  5 orc warriors
  Duvessa (D:5)
  A sky beast (D:6)
  A black bear (D:6)
  Pargi (Sewer)
  3 ogres
  2 necrophages (D:6)
  5 centaurs
  A phantom (D:6)
  3 kobold brigands
  A lemure (D:5)
  2 bullfrogs (D:8)
  A gnoll sergeant (D:8)
  4 scorpions
  A wyvern skeleton (D:6)
  Dowan (D:5)
  21 killer bees
  7 vampire bats (Bailey)
  A water moccasin skeleton (D:7)
  14 wights
  5 wolf zombies (Bailey)
  3 howler monkeys (D:9)
  2 electric eels (D:6)
  4 centaur zombies
  2 jellies (D:3)
  5 hounds
  3 orc priests
  Crazy Yiuf (D:2)
  A bullfrog skeleton (D:5)
  7 orc wizards
  A yak simulacrum (D:11)
  2 wolf simulacra (D:11)
  3 polar bear simulacra (D:11)
  A howler monkey zombie (D:9)
  8 gnolls
  11 adders
  3 river rats (D:4)
  A white imp (D:7)
  5 ufetubi
  3 worms
  2 dart slugs
  28 orcs
  11 endoplasms
  3 giant cockroaches (D:2)
  5 hobgoblins
  3 iguanas
  5 jackals
  22 kobolds
  A quokka (D:2)
  4 ball pythons
  11 bats
  4 frilled lizards
  7 goblins
  15 orc zombies (Bailey)
  11 rats
  5 river rat simulacra (D:11)
354 creatures vanquished.

Vanquished Creatures (others)
  A fungus (Gauntlet)
  27 plants
28 creatures vanquished.

Grand Total: 382 creatures vanquished

Notes
Turn   | Place    | Note
-------+----------+-------------------------------------------
     0 | D:1      | cbfl8 the Minotaur Berserker began the quest for the Orb.
     0 | D:1      | Reached XP level 1. HP: 19/19 MP: 0/0
    16 | D:1      | Reached XP level 2. HP: 22/27 MP: 1/1
    80 | D:1      | Reached skill level 4 in Axes
   299 | D:1      | Found Sahic's General Store.
   310 | D:1      | Found Qeihicam's Magic Scroll Boutique.
   329 | D:1      | Bought a scroll of identify for 24 gold pieces
   431 | D:1      | Found a faded altar of an unknown god.
   564 | D:1      | Found Iqeliesuy's General Store.
   799 | D:1      | Reached XP level 3. HP: 34/34 MP: 2/2
  1115 | D:2      | Reached ** piety under Trog
  1161 | D:2      | Reached XP level 4. HP: 38/41 MP: 3/3
  1186 | D:2      | Found a runed translucent door.
  1187 | D:2      | Noticed Crazy Yiuf
  1382 | D:2      | Found Fipnein's General Store.
  1397 | D:2      | Bought a potion of heal wounds for 60 gold pieces
  1468 | D:2      | Noticed Sigmund
  1500 | D:2      | Killed Sigmund
  1501 | D:2      | Reached skill level 5 in Fighting
  1501 | D:2      | Reached skill level 1 in Evocations
  1501 | D:2      | Reached XP level 5. HP: 48/48 MP: 4/4
  1762 | D:2      | Killed Crazy Yiuf
  1763 | D:2      | Reached skill level 5 in Axes
  2044 | D:3      | Reached XP level 6. HP: 56/56 MP: 5/5
  2187 | D:3      | Found a hazy altar of Hepliaklqana.
  2480 | D:3      | Found a shimmering altar of Xom.
  3371 | D:4      | Noticed an orc warrior
  3509 | D:4      | Found a glowing drain.
  3510 | D:4      | Reached *** piety under Trog
  3525 | Sewer    | Entered a sewer
  3629 | Sewer    | Noticed Pargi
  3638 | Sewer    | Killed Pargi
  3734 | D:4      | Reached skill level 6 in Axes
  3734 | D:4      | Reached XP level 7. HP: 62/62 MP: 6/6
  4624 | D:5      | Entered Level 5 of the Dungeon
  4624 | D:5      | Noticed Edmund
  4640 | D:5      | Killed Edmund
  4794 | D:5      | Reached skill level 7 in Axes
  4794 | D:5      | Reached skill level 5 in Dodging
  4794 | D:5      | Reached XP level 8. HP: 51/71 MP: 7/7
  5138 | D:5      | Reached skill level 5 in Armour
  5161 | D:5      | Identified the +9 scimitar of Ibbumov {speed, rC++}
  5354 | D:5      | Noticed Pikel
  5365 | D:5      | Noticed Duvessa
  5366 | D:5      | Killed Pikel
  5367 | D:5      | Reached skill level 8 in Axes
  5373 | D:5      | Noticed Dowan
  5389 | D:5      | Killed Duvessa
  5617 | D:5      | Identified the +4 dagger "Grim Tooth" {flame, +Blink}
  5628 | D:5      | Killed Dowan
  5629 | D:5      | Reached XP level 9. HP: 72/80 MP: 8/8
  6092 | D:6      | Found a hide-covered altar of Uskayaw.
  6123 | D:6      | Reached **** piety under Trog
  6551 | D:6      | Found a staircase to the Ecumenical Temple.
  6725 | D:6      | Reached skill level 9 in Axes
  7097 | D:6      | Noticed Grinder
  7103 | D:6      | Paralysed by Grinder for 5 turns
  7114 | D:6      | Killed Grinder
  7956 | D:6      | Identified the +7 dagger of Summertime {vorpal, rPois rCorr
                  | Stlth-}
  8276 | D:7      | Noticed Maggie
  8287 | D:7      | Killed Maggie
  8529 | D:7      | Found an ornate altar of the Wu Jian Council.
  8550 | D:7      | Reached XP level 10. HP: 62/89 MP: 9/9
  9010 | D:8      | Found a flagged portal.
  9020 | Bailey   | Entered a bailey
  9488 | Bailey   | Reached skill level 10 in Axes
  9704 | Bailey   | Reached skill level 5 in Evocations
  9833 | Bailey   | Noticed a gargoyle
  9845 | Bailey   | Killed a gargoyle
 10143 | Bailey   | Identified the +2 leather armour of Yseoclub {rPois Slay+2}
 10653 | D:8      | Reached skill level 10 in Fighting
 10828 | D:8      | Found Gutzurhe's Mayhem Merchandise.
 11644 | D:9      | Reached skill level 11 in Axes
 11647 | D:9      | Found a radiant altar of Vehumet.
 11653 | D:9      | Found a glowing silver altar of Zin.
 11655 | D:9      | Found a blossoming altar of Fedhas.
 11655 | D:9      | Found a bloodstained altar of Trog.
 11658 | D:9      | Noticed Erolcha
 11664 | D:9      | Found an opulent altar of Gozag.
 11664 | D:9      | Found a glowing golden altar of the Shining One.
 11664 | D:9      | Found a sparkling altar of Nemelex Xobeh.
 11666 | D:9      | Killed Erolcha
 11839 | D:9      | Found Cyenecwe's Weapon Shoppe.
 11852 | D:9      | Found a staircase to the Lair.
 11936 | D:9      | Found a staircase to the Orcish Mines.
 11940 | D:9      | Noticed a fire dragon
 11948 | D:9      | Reached XP level 11. HP: 100/101 MP: 10/10
 11957 | D:9      | Killed a fire dragon
 12151 | D:9      | Reached skill level 12 in Axes
 12311 | D:9      | Noticed Harold
 12317 | D:9      | Killed Harold
 12532 | D:9      | Found a basalt altar of Yredelemnul.
 12931 | D:10     | Entered Level 10 of the Dungeon
 12931 | D:10     | Found a portal to a secret trove of treasure.
 14477 | D:11     | Reached ***** piety under Trog
 14638 | D:11     | Reached skill level 13 in Axes
 14675 | D:11     | Found a gate leading to a gauntlet.
 14687 | Gauntlet | Entered a Gauntlet
 14687 | Gauntlet | Found a transporter.
 14687 | Gauntlet | Found a transporter.
 14688 | Gauntlet | Noticed a sixfirhy
 14741 | Gauntlet | Noticed a glowing orange brain
 14741 | Gauntlet | an elephant changed into a glowing orange brain
 14761 | Gauntlet | Noticed a death drake
 14761 | Gauntlet | a glowing orange brain changed into a death drake
 14772 | Gauntlet | Noticed a spark wasp
 14772 | Gauntlet | a death drake changed into a spark wasp
 14810 | Gauntlet | Noticed a quicksilver ooze
 14810 | Gauntlet | a spark wasp changed into a quicksilver ooze
 14839 | Gauntlet | Noticed a dire elephant
 14839 | Gauntlet | a quicksilver ooze changed into a dire elephant
 14865 | Gauntlet | Noticed a quicksilver dragon
 14865 | Gauntlet | a dire elephant changed into a quicksilver dragon
 14911 | Gauntlet | Noticed an eleionoma
 14911 | Gauntlet | a quicksilver dragon changed into an eleionoma
 14922 | Gauntlet | Found a transporter.
 14922 | Gauntlet | Noticed a frost giant
 14922 | Gauntlet | an eleionoma changed into a frost giant
 14926 | Gauntlet | Found a transporter.
 14930 | Gauntlet | Noticed a tengu warrior
 14934 | Gauntlet | Found a transporter.
 14938 | Gauntlet | Found a transporter.
 14940 | Gauntlet | Noticed a wizard
 14940 | Gauntlet | Noticed a wizard
 14947 | Gauntlet | Found a transporter.
 14961 | Gauntlet | Noticed a fire crab
 14963 | Gauntlet | Found a transporter.
 14998 | Gauntlet | Found a transporter.
 15002 | Gauntlet | Found a transporter.
 15008 | Gauntlet | Noticed a mana viper
 15010 | Gauntlet | Found a transporter.
 15014 | Gauntlet | Found a transporter.
 15041 | Gauntlet | Noticed a catoblepas
 15129 | Gauntlet | Noticed a harpy
 15140 | Gauntlet | Noticed an anaconda
 15141 | Gauntlet | a harpy changed into a black bear
 15166 | Gauntlet | Noticed an emperor scorpion
 15176 | Gauntlet | Noticed a steelbarb worm
 15176 | Gauntlet | a faun changed into a steelbarb worm
 15208 | Gauntlet | Noticed a death yak
 15208 | Gauntlet | an emperor scorpion changed into a death yak
 15223 | Gauntlet | Noticed a fenstrider witch
 15223 | Gauntlet | a death yak changed into a fenstrider witch
 15250 | Gauntlet | Noticed a lindwurm
 15251 | Gauntlet | Noticed a lindwurm
 15303 | Gauntlet | Noticed a deep troll
 15303 | Gauntlet | a lindwurm changed into a deep troll
 15352 | Gauntlet | Noticed a great orb of eyes
 15384 | Gauntlet | Noticed a frost giant
 15409 | Gauntlet | Noticed an iron giant
 15409 | Gauntlet | a frost giant changed into an iron giant
 15435 | Gauntlet | Noticed a golden dragon
 15435 | Gauntlet | an iron giant changed into a golden dragon
 15440 | Gauntlet | Noticed an acid blob
 15440 | Gauntlet | a golden dragon changed into an acid blob
 15466 | Gauntlet | Noticed a swamp dragon
 15466 | Gauntlet | Noticed an iron giant
 15478 | Gauntlet | a swamp dragon changed into a manticore
 15484 | Gauntlet | Noticed a mana viper
 15484 | Gauntlet | a manticore changed into a mana viper
 15489 | Gauntlet | Noticed an acid blob
 15489 | Gauntlet | an iron giant changed into an acid blob
 15494 | Gauntlet | Noticed a stone giant
 15494 | Gauntlet | an acid blob changed into a stone giant
 15501 | Gauntlet | Killed a sixfirhy
 15504 | Gauntlet | Reached skill level 10 in Armour
 15748 | Gauntlet | Noticed a caustic shrike
 15755 | Gauntlet | Noticed a catoblepas
 15758 | Gauntlet | Noticed a lindwurm
 15760 | Gauntlet | a catoblepas changed into something unseen
 15762 | Gauntlet | Noticed a quicksilver ooze
 15772 | Gauntlet | Noticed a jorogumo
 15772 | Gauntlet | a quicksilver ooze changed into a jorogumo
 15773 | Gauntlet | a lindwurm changed into a komodo dragon
 15774 | Gauntlet | a jorogumo changed into something unseen
 15783 | Gauntlet | Noticed a bunyip
 15785 | Gauntlet | Killed a bunyip
 15786 | Gauntlet | Reached XP level 12. HP: 112/112 MP: 0/11
 15935 | Gauntlet | Identified the ring of Salvation {rF+ rN+ Will+}
 15939 | Gauntlet | Identified the +1 pair of boots of Indestructible Life
                  | {rPois rF+ rC- rN+ Dex+4}
 16097 | Gauntlet | Noticed a minotaur
 16108 | Gauntlet | Killed a minotaur
 16924 | D:11     | Found a runed translucent gate.
 16924 | D:11     | Found a runed translucent gate.
 16924 | D:11     | Found a runed translucent gate.
 16927 | D:11     | Noticed a 12-headed hydra
 16928 | D:11     | Noticed turdburglar's ghost (journeyman MiGl)
 16953 | D:11     | Reached skill level 1 in Stealth
 18020 | D:12     | Noticed a four-headed hydra
 18032 | D:12     | Killed a one-headed hydra
 18383 | D:12     | Noticed Fannar
 18392 | D:12     | Killed Fannar
 19088 | D:13     | Reached skill level 14 in Axes
 19132 | D:13     | Noticed a boulder beetle
 19147 | D:13     | Killed a boulder beetle
 19270 | D:13     | Noticed Sonja
 19356 | D:13     | Noticed a centaur warrior
 19363 | D:13     | Killed a centaur warrior
 19677 | D:13     | Noticed a seven-headed hydra
 19684 | D:13     | Killed a five-headed hydra
 19685 | D:13     | Reached skill level 10 in Dodging
 19793 | D:13     | Noticed a centaur warrior
 19799 | D:13     | Killed a centaur warrior
 20052 | D:13     | You fall into a shaft and drop 2 floors!
 20052 | D:15     | Entered Level 15 of the Dungeon
 20086 | D:15     | Noticed a catoblepas
 20095 | D:15     | Killed a catoblepas
 20109 | D:15     | Noticed a two-headed ogre
 20110 | D:15     | Noticed an ogre mage
 20110 | D:15     | Noticed a two-headed ogre
 20111 | D:15     | Noticed a two-headed ogre
 20116 | D:15     | Noticed a fire dragon
 20128 | D:15     | Found a frozen archway.
 20134 | IceCv    | Entered an ice cave
 20138 | IceCv    | Annihilated by a golden dragon simulacrum

Illustrated notes

Levels and vault maps discovered:
D:1:      minmay_arrival_diagonal_passages, layout_rooms, serial_shops,
          nicolae_square_shop, nicolae_shop_waterfront, shop,
          shapermc_ecumenical_altar_venn
D:2:      minmay_evil_eye, layout_loops_ring, serial_shops, shop,
          uniq_crazy_yiuf_cottage, uniq_sigmund
D:3:      layout_loops_ring, nicolae_hepliaklqana_hippocampus,
          dk_xom_monty_hall, hangedman_abyss_or_decor_stabs,
          grunt_decor_resistance
D:4:      layout_cave_pools, portal_sewer_entry_c
D:5:      layout_loops_ring, uniq_duvessa, uniq_edmund, uniq_pikel
D:6:      layout_loops_ring, mainiacjoe_overflow_paths,
          minmay_temple_entry_statues_pillars, serial_park_tiny_1,
          serial_bayou_lake_a, uniq_grinder
D:7:      layout_basic, mainiacjoe_overflow_small_starburst, uniq_maggie
D:8:      layout_basic, enter_bailey_2, minmay_shop_mayhem,
          kennysheep_small_square
D:9:      layout_irregular_city, lemuel_zombie_altar_yredelemnul,
          grunt_temple_overflow_open, minmay_lair_entry_lava, orc_0_dummy,
          serial_shops, nicolae_shop_stone, uniq_erolcha, uniq_harold
D:10:     layout_stronghold, enter_trove_1
D:11:     layout_rooms, gammafunk_ghost_hydra_chop, gauntlet_entry_generic,
          grunt_decor_fettered, eino_house_with_fridge
D:12:     layout_loops_corners, uniq_fannar
D:13:     layout_loops_ring, uniq_sonja
D:15:     hangedman_depths_entry_try_elsewhere_first, layout_irregular_city,
          serial_shops, nicolae_shop_crystal,
          portal_ice_cave_entry_horrid_things, chequers_serial_rivers_micro_b
IceCv:    ice_cave_small_dragons

Skill      XL: |  1  2  3  4  5  6  7  8  9 10 11 12 |
---------------+-------------------------------------+-----
Fighting       | 4 5 6 7 9 10 11 13 | 13.3
Axes           | 4 5 6 7 8 9 11 13 14 | 14.4
Dodging        | 3 4 5 6 7 9 10 | 10.1
Evocations     | 1 2 3 4 5 6 7 |  7.7
Armour         | 3 4 6 7 8 10 11 | 11.3
Stealth        | 1 |  1.2

Action                   |  1- 3 |  4- 6 |  7- 9 | 10-12 || total
-------------------------+-------+-------+-------+-------++-------
Melee: Hand axe          |    60 |   117 |   301 |       ||   478
       Headbutt          |     7 |    19 |    71 |    67 ||   164
       Punch             |       |     1 |     6 |       ||     7
       Battleaxe         |       |       |       |   406 ||   406
Invok: Berserk           |       |     4 |     6 |    20 ||    30
       Trog's Hand       |       |       |       |     2 ||     2
Evoke: Wand              |       |       |       |     9 ||     9
  Use: Scroll            |     2 |     1 |     5 |    16 ||    24
       Potion            |       |       |     2 |       ||     2
 Stab: Distracted        |       |       |       |     3 ||     3
Armor: Animal skin       |    17 |       |       |       ||    17
       Chain mail        |    10 |    61 |    15 |       ||    86
       Ring mail         |     1 |       |       |       ||     1
       Plate armour      |       |       |   164 |   385 ||   549
Dodge: Dodged            |    38 |    53 |   130 |   281 ||   502
